 Dungeon Crawl Stone Soup version 0.30-a0-358-g0d69a1922f (webtiles) character file.

Game seed: 6450558286023056993

23 Devinter the Vexing (level 2, -1/15 HPs)
             Began as a Deep Elf Enchanter on Nov 11, 2022.
             Slain by a worm (5 damage)
             ... on level 2 of the Dungeon.
             The game lasted 00:06:19 (944 turns).

Devinter the Vexing (Deep Elf Enchanter)             Turns: 944, Time: 00:06:20

Health: -1/15      AC:  2    Str:  5    XL:     2   Next: 75%
Magic:  0/8        EV: 13    Int: 19    God:
Gold:   65         SH:  0    Dex: 15    Spells: 5/7 levels left

rFire   . . .      SeeInvis .    a - +1 dagger
rCold   . . .      Faith    .    (no shield)
rNeg    . . .      Spirit   .    b - +0 robe
rPois   .          Reflect  .    (no helmet)
rElec   .          Harm     .    (no cloak)
rCorr   .          Rampage  .    (no gloves)
Will    .....                    (no boots)
Stlth   +++.......               (no amulet)
HPRegen 0.22/turn                (no ring)
MPRegen 0.11/turn                (no ring)

@: no status effects
A: no striking features
a: no special abilities


You were on level 2 of the Dungeon.
You visited 1 branch of the dungeon, and saw 2 of its levels.

You collected 65 gold pieces.

Inventory:

Hand Weapons
 a - a +1 dagger (weapon)
 j - a +0 rapier
Armour
 b - a +0 robe (worn)
Scrolls
 d - 2 scrolls of identify {unknown}
 e - a scroll of blinking {unknown}
 f - a scroll of teleportation {unknown}
 h - a scroll of torment {unknown}
Potions
 c - 2 potions of invisibility
 g - a potion of cancellation {unknown}
 i - a potion of attraction {unknown}


   Skills:
 + Level 1.3 Short Blades
 + Level 2.7 Dodging
 + Level 3.9 Stealth
 + Level 3.3 Spellcasting
 + Level 4.2 Hexes
 + Level 0.8 Ice Magic


You had 5 spell levels left.
You knew the following spells:

 Your Spells              Type           Power      Damage    Failure   Level
a - Ensorcelled Hibernat  Hex/Ice        24%        N/A       8%          2

Your spell library contained the following spells:

 Spells                   Type           Power      Damage    Failure   Level
 Confusing Touch          Hex            19%        N/A       8%          3
 Tukima's Dance           Hex            19%        N/A       8%          3
 Dazzling Flash           Conj/Hex       22%        N/A       19%         3
 Silence                  Hex/Air        5%         N/A       86%         5
 Agony                    Necr           3%         N/A       99%         5


Dungeon Overview and Level Annotations

Branches:
Dungeon (2/15)

Altars:


Message History

The hobgoblin hits you.
Casting: Ensorcelled Hibernation (safe; 8% risk of failure)
Confirm with . or Enter, or press ? or * to list all spells.
Aiming: Ensorcelled Hibernation (safe; 8% risk of failure)
Press: ? - help, Shift-Dir - straight line, f/p - hobgoblin
Aim: a hobgoblin (chance to affect: 63%)
The hobgoblin resists with significant effort.
* * * LOW MAGIC WARNING * * *
The hobgoblin hits you.
An endoplasm comes into view.
You hit the hobgoblin but do no damage. You punch the hobgoblin.
The hobgoblin is heavily wounded.
The hobgoblin barely misses you. The hobgoblin attacks as you move away!
The hobgoblin hits you.
* * * LOW HITPOINT WARNING * * *
The hobgoblin attacks as you move away! The hobgoblin closely misses you.
You see here a sapphire potion.
You hit the hobgoblin.
The hobgoblin is almost dead.
The hobgoblin hits you.
* * * LOW HITPOINT WARNING * * *
You hit the hobgoblin but do no damage.
The hobgoblin is almost dead.
The hobgoblin misses you.
You hit the hobgoblin.
You kill the hobgoblin!
Casting: Ensorcelled Hibernation (safe; 8% risk of failure)
Confirm with . or Enter, or press ? or * to list all spells.
Aiming: Ensorcelled Hibernation (safe; 8% risk of failure)
Press: ? - help, Shift-Dir - straight line, f - worm
Aim: a worm (chance to affect: 54%)
The worm looks drowsy...
* * * LOW MAGIC WARNING * * *
The helpless worm fails to defend itself.
You puncture the worm!
The worm is almost dead.
You hit the worm but do no damage.
The worm is almost dead.
The worm bites you.
You die...

#....#.# ##........
.....#.# #$...J.##
# #†.........
#.##.####..#.#
#...J.....#..
####w#####.#
##@.###.##.# ..
#....#...... ...
#.##...#
##..##.##.#>######.
........#.(........
.#........#.######
..........#†#
##..........#
..........###


You could see a worm and an endoplasm.

Vanquished Creatures
  A worm (D:2)
  A dart slug (D:2)
  3 bats
  An endoplasm (D:1)
  A goblin (D:1)
  2 hobgoblins
  3 jackals (D:1)
  2 kobolds (D:1)
  A ball python (D:1)
  A frilled lizard (D:1)
16 creatures vanquished.

Notes
Turn   | Place    | Note
-------+----------+-------------------------------------------
     0 | D:1      | Devinter the Deep Elf Enchanter began the quest for the
                  | Orb.
     0 | D:1      | Reached XP level 1. HP: 10/10 MP: 6/6
   189 | D:1      | Reached XP level 2. HP: 15/15 MP: 8/8
   195 | D:1      | Learned a level 2 spell: Ensorcelled Hibernation
   944 | D:2      | Slain by a worm

Illustrated notes

Levels and vault maps discovered:
D:1:      minmay_arrival_nine_rooms, layout_loops_ring, minivault_14
D:2:      layout_loops_cross, st_stairs_9, serial_bayou_pond_b,
          wander_ebering_terrifying_dragon_lair

Action                   || total
-------------------------++-------
Melee: Dagger            ||    41
       Punch             ||     1
 Cast: Ensorcelled Hiber ||    11
 Stab: Sleeping          ||    11
Armor: Robe              ||     8
Dodge: Dodged            ||    19

Table legend: (Time is in decaauts)
 A = Elapsed time spent in this place.
 B = Non-inter-level travel time spent in this place.
 C = Inter-level travel time spent in this place.
 D = Time resting spent in this place.
 E = Time spent auto-exploring this place.
 F = Levels seen in this place.
 G = Mean time per level.
                   A        B        C        D        E       F      G
               +--------+--------+--------+--------+--------+-----+--------+
         Total |    941 |    894 |     47 |     65 |    281 |   2 |  470.5 |
       Dungeon |    941 |    894 |     47 |     65 |    281 |   2 |  470.5 |
               +--------+--------+--------+--------+--------+-----+--------+

Top non-repeatable levels by time:
     D:1: 907 daAuts
     D:2: 33 daAuts
